 Dungeon Crawl Stone Soup version 0.31-a0-868-g674d60d6f7 (webtiles) character file.

Game seed: 6836367961677600349

699 javelincjr the Changeling (level 7, -1/53 HPs)
             Began as a Minotaur Shapeshifter on Oct 11, 2023.
             Slain by a gnoll
             ... wielding a +0 whip
             ... led by a gnoll bouda
              (8 damage)
             ... on level 6 of the Dungeon.
             The game lasted 00:12:52 (4684 turns).

javelincjr the Changeling (Minotaur Shapeshifter)   Turns: 4684, Time: 00:12:52

Health: -1/53      AC:  2    Str: 20    XL:     7   Next: 38%
Magic:  15/15      EV: 12    Int:  7    God:
Gold:   278        SH:  5    Dex: 10    Spells: 6/6 levels left

rFire   . . .        v - +2 short sword (vamp)
rCold   + . .        (no shield)
rNeg    . . .        a - +0 animal skin
rPois   .            (helmet currently unavailable)
rElec   .            (cloak currently unavailable)
rCorr   .            (gloves currently unavailable)
SInv    .            (boots currently unavailable)
Will    .....        o - amulet of reflection
Stlth   +            h - ring of protection from cold
HPRegen 0.28/turn    l - ring of magical power
MPRegen 0.14/turn

%: reflection
@: beast-form, hasted, very quick
A: beast (slay +3), horns 2, retaliatory headbutt
a: Begin Untransformation


You were on level 6 of the Dungeon.
You were a hulking beast.
You visited 1 branch of the dungeon, and saw 6 of its levels.

You collected 278 gold pieces.

Inventory:

Hand Weapons
 v - a +2 vampiric short sword (weapon)
Missiles
 w - 12 poisoned darts
Armour
 a - a +0 animal skin (worn)
 i - a scarf of harm
 u - a +2 pair of boots
Jewellery
 h - a ring of protection from cold (left hand)
 l - a ring of magical power (right hand)
 o - an amulet of reflection (around neck)
Talismans
 c - a beast talisman (active)
 d - a flux talisman
Scrolls
 e - a scroll of enchant weapon {unknown}
 t - a scroll of revelation
Potions
 b - a potion of lignification
 f - 2 potions of invisibility {unknown}
 g - 2 potions of cancellation
 j - 3 potions of curing
 k - a potion of attraction {unknown}
 m - a potion of haste
 n - a potion of heal wounds {unknown}
 p - a potion of enlightenment {unknown}
 r - a potion of magic {unknown}


   Skills:
 - Level 1.9 Fighting
 - Level 2.7 Dodging
 - Level 3.6 Unarmed Combat
 + Level 6.4 Shapeshifting


You had 6 spell levels left.
You didn't know any spells.
Your spell library contained the following spells:

 Spells                   Type           Power      Damage    Failure   Level
 Hailstorm                Conj/Ice       0%         3d3       80%         3
 Summon Ice Beast         Ice/Summ       0%         N/A       99%         4
 Simulacrum               Ice/Necr       0%         N/A       100%        6


Dungeon Overview and Level Annotations

Branches:
Dungeon (7/15)
 Temple: D:4-7

Altars:
Cheibriados
Dithmenos
Elyvilon
Qazlal
Vehumet
Yredelemnul


Innate Abilities, Weirdness & Mutations

You are a hulking beast.
Your limbs bulge with bestial killing power. (Slay +3)
You have a pair of horns on your head.
You reflexively headbutt those who attack you in melee.


Message History

You have reached level 7!
Prince Ribbit blinks!
A gnoll bouda and a gnoll come into view.
The gnoll bouda shouts!
The gnoll shouts!
You puncture Prince Ribbit!
Prince Ribbit is severely wounded.
Prince Ribbit barely misses you. You furiously retaliate!
You headbutt Prince Ribbit. You hit Prince Ribbit. You headbutt Prince Ribbit.
You kill Prince Ribbit!
Your Shapeshifting skill increases to level 6!
A gnoll comes into view.
It is wielding a +0 whip of electrocution.
The gnoll shouts!
You hear a shout! x2
A gnoll comes into view. It is wielding a +0 whip.
Found a scroll of identify.
The gnoll shouts!
A gnoll comes into view. It is wielding a +0 spear.
The gnoll bouda gazes fiercely through you!
You feel your attacks grow feeble.
The gnoll hits you from afar with a +0 spear.
The gnoll bouda hits you with a +0 whip!
* * * LOW HITPOINT WARNING * * *
A gnoll comes into view. It is wielding a +0 club.
The gnoll shouts!
A white imp comes into view.
The gnoll hits you with a +0 whip.
* * * LOW HITPOINT WARNING * * *
There is a stone staircase leading up here.
The white imp gestures at you.
You block the puff of frost... and reflect it back!
The puff of frost hits the white imp.
The white imp resists.
The gnoll hits you with a +0 whip.
* * * LOW HITPOINT WARNING * * *
You climb upwards.
Your attacks no longer feel as feeble.
There is a stone staircase leading down here.
You hit the gnoll.
You feel better.
You headbutt the gnoll!
The gnoll is severely wounded.
The gnoll hits you with a +0 whip!
You die...

.
#####....
#h.......
#g...h...
...####..
....#
.....#
......#
.......#
........#


You could see a hound (asleep) and a gnoll.

Vanquished Creatures
  Prince Ribbit (D:7)
  A kobold brigand (D:3)
  A howler monkey (D:7)
  A jelly (D:4)
  An iguana (D:4)
  An orc wizard (D:3)
  15 gnolls
  3 adders
  An ufetubus (D:4)
  A worm (D:2)
  2 dart slugs (D:2)
  10 orcs
  8 ball pythons
  7 endoplasms
  A giant cockroach (D:1)
  2 goblins
  8 hobgoblins
  17 jackals
  39 kobolds
  5 quokkas
  3 bats
  3 frilled lizards
  7 rats
138 creatures vanquished.

Notes
Turn   | Place    | Note
-------+----------+-------------------------------------------
     0 | D:1      | javelincjr the Minotaur Shapeshifter began the quest for
                  | the Orb.
     0 | D:1      | Reached XP level 1. HP: 16/16 MP: 0/0
    92 | D:1      | Reached XP level 2. HP: 24/24 MP: 1/1
   288 | D:1      | Reached XP level 3. HP: 25/29 MP: 2/2
  1016 | D:2      | Reached skill level 3 in Shapeshifting
  1108 | D:2      | Found a basalt altar of Yredelemnul.
  1630 | D:2      | Reached XP level 4. HP: 36/36 MP: 3/3
  2461 | D:3      | Found a faded altar of an unknown god.
  2493 | D:3      | Reached skill level 4 in Shapeshifting
  2493 | D:3      | Reached XP level 5. HP: 19/41 MP: 4/4
  2868 | D:3      | Found a radiant altar of Vehumet.
  3175 | D:3      | Reached XP level 6. HP: 41/48 MP: 5/5
  3310 | D:3      | Reached skill level 5 in Shapeshifting
  3977 | D:4      | Found a white marble altar of Elyvilon.
  4045 | D:4      | Found a shadowy altar of Dithmenos.
  4078 | D:4      | Found a stormy altar of Qazlal.
  4168 | D:4      | Found a snail-covered altar of Cheibriados.
  4627 | D:4      | You fall into a shaft and drop 3 floors!
  4652 | D:7      | Noticed Prince Ribbit
  4667 | D:7      | HP: 2/48 [Prince Ribbit (12)]
  4671 | D:7      | Reached XP level 7. HP: 24/53 MP: 6/6
  4674 | D:7      | Killed Prince Ribbit
  4675 | D:7      | Reached skill level 6 in Shapeshifting
  4684 | D:6      | Slain by a gnoll

Illustrated notes

Levels and vault maps discovered:
D:1:      ncdulo_halloftheorcs, layout_loops_corners, minivault_25,
          nicolae_kite_square_tiling_tiny, serial_bayou_pond_e
D:2:      layout_basic, basic_altar, minmay_vboxes
D:3:      minmay_goblin_kobold_castle, layout_basic,
          mainiacjoe_overflow_brackets, hellmonk_ecumenical_altar_arch_garden
D:4:      layout_loops_corners, kennysheep_mini_moat,
          nicolae_elyvilon_peaceful_grove, mainiacjoe_overflow_two_lobes,
          minmay_temple_entry_overgrown, uniq_duvessa
D:6:      layout_basic, uniq_grinder
D:7:      layout_cave_pools, okawaru_metal_pillars_1_2, uniq_prince_ribbit1

Skill      XL: |  1  2  3  4  5  6  7 |
---------------+----------------------+-----
Shapeshifting  | 3 4 5 6 |  6.4
Fighting       | |  1.9
Dodging        | |  2.7
Unarmed Combat | |  3.6

Action                     |  1- 3 |  4- 6 |  7- 9 || total
---------------------------+-------+-------+-------++-------
  Melee: Unarmed           |    72 |    44 |       ||   116
         Headbutt          |    11 |    27 |     2 ||    40
         Punch             |     2 |     8 |       ||    10
         Short sword       |       |   185 |     3 ||   188
    Use: Scroll            |       |     9 |       ||     9
         Potion            |       |     2 |       ||     2
   Stab: Sleeping          |     2 |     1 |       ||     3
 Armour: Animal skin       |    33 |   102 |     5 ||   140
         Skin              |       |    56 |       ||    56
  Dodge: Dodged            |    41 |   122 |     1 ||   164
  Block: Other             |     3 |    64 |     1 ||    68
         Reflection        |     1 |     1 |     1 ||     3

Table legend: (Time is in decaauts)
 A = Elapsed time spent in this place.
 B = Non-inter-level travel time spent in this place.
 C = Inter-level travel time spent in this place.
 D = Time resting spent in this place.
 E = Time spent auto-exploring this place.
 F = Levels seen in this place.
 G = Mean time per level.
                   A        B        C        D        E       F      G
               +--------+--------+--------+--------+--------+-----+--------+
         Total |   4682 |   4489 |    193 |    209 |   3549 |   6 |  780.3 |
       Dungeon |   4682 |   4489 |    193 |    209 |   3549 |   6 |  780.3 |
               +--------+--------+--------+--------+--------+-----+--------+

Top non-repeatable levels by time:
     D:3: 1669 daAuts
     D:2: 1189 daAuts
     D:1: 1005 daAuts
     D:4: 767 daAuts
     D:7: 50 daAuts
     D:6: 0 daAuts
